 Dungeon Crawl Stone Soup version 0.28.0 (webtiles) character file.

Game seed: 17939357162940445109

15311 browni3141 the Blocker (level 12, 0/108 HPs)
             Began as a Minotaur Berserker on Feb 10, 2022.
             Was a High Priest of Trog.
             Slain by a 12-headed hydra (12 damage)
             ... on level 2 of the Lair of Beasts.
             The game lasted 00:10:51 (13521 turns).

browni3141 the Blocker (Minotaur Berserker)        Turns: 13521, Time: 00:10:52

Health: 0/108      AC: 21    Str: 28    XL:     12   Next: 0%
Magic:  11/11      EV:  8    Int:  4    God:    Trog [*****.]
Gold:   692        SH: 23    Dex: 11    Spells: 11/11 levels left

rFire   . . .      SeeInvis .   M - +4 broad axe (vorpal)
rCold   . . .      Faith    .   o - +1 tower shield
rNeg    . . .      Spirit   .   K - +0 plate armour
rPois   +          Reflect  +   (helmet restricted)
rElec   .          Harm     .   v - +0 cloak
rCorr   .          Rampage  .   G - +0 pair of gloves
Will    .....                   (no boots)
Stlth   ..........              e - amulet "Coqyof" {Reflect Str+2 SH+5}
HPRegen 0.28/turn               B - +4 ring of protection
MPRegen 0.12/turn               w - ring of poison resistance

@: no status effects
A: horns 2, retaliatory headbutt
a: Renounce Religion, Berserk, Trog's Hand, Brothers in Arms


You were on level 2 of the Lair of Beasts.
You worshipped Trog.
Trog was extremely pleased with you.
You visited 2 branches of the dungeon, and saw 12 of its levels.
You also visited: Bailey.

You collected 692 gold pieces.

Inventory:

Hand Weapons
 a - a +0 hand axe
 q - a +0 war axe
 M - a +4 vorpal broad axe (weapon)
Missiles
 D - 2 throwing nets
 N - 5 curare-tipped darts (quivered)
Armour
 b - a +0 animal skin
 o - a +1 tower shield (worn)
 v - a +0 cloak (worn)
 G - a +0 pair of gloves (worn)
 K - a +0 plate armour (worn)
Jewellery
 e - the amulet "Coqyof" (around neck) {Reflect Str+2 SH+5}
   (You acquired it on level 9 of the Dungeon)

   [amulet of reflection]

   It reflects blocked missile attacks.
   Str:       It affects your strength (+2).
   SH:        It affects your SH (+5).
 w - a ring of poison resistance (right hand)
 B - a +4 ring of protection (left hand)
 F - a ring of magical power
 O - an amulet of faith
 S - a ring of ice
 T - a +4 ring of slaying
Wands
 y - a wand of flame (18)
 z - a wand of iceblast (21)
 P - a wand of mindburst (2)
 R - a wand of digging (8)
Scrolls
 d - a scroll of noise {unknown}
 f - 2 scrolls of amnesia
 k - a scroll of holy word
 l - 2 scrolls of fog
 m - 2 scrolls of immolation
 u - 2 scrolls of torment
 x - 2 scrolls of silence
 C - a scroll of summoning
 I - a scroll of teleportation
 J - a scroll of vulnerability
 L - a scroll of brand weapon
Potions
 c - 3 potions of attraction
 g - 2 potions of lignification
 h - a potion of resistance
 i - 5 potions of curing
 j - 3 potions of invisibility
 n - a potion of flight {unknown}
 p - 4 potions of might {unknown}
 r - 3 potions of cancellation {unknown}
 s - 6 potions of haste {unknown}
 A - 6 potions of heal wounds {unknown}
 E - a potion of experience {unknown}
 H - 2 potions of degeneration {unknown}
 Q - a potion of brilliance {unknown}


   Skills:
 * Level 10.6 Fighting
 * Level 10.7 Axes
 * Level 10.3 Armour
 + Level 7.0 Dodging
 * Level 14.0 Shields


You had 11 spell levels left.
You didn't know any spells.
Your spell library was empty.

Dungeon Overview and Level Annotations

Branches:
Dungeon (9/15)             Temple (0/1) D:5            Lair (3/6) D:9
 Bailey (visited)
  Swamp: Lair:2-4    Shoals: Lair:2-4     Snake: Lair:2-4    Spider: Lair:2-4
    Orc: D:9-12

Altars:
Dithmenos
Elyvilon
Gozag
Okawaru
Sif Muna
Trog
Yredelemnul

Shops:
D:1 (   D:4 (


Innate Abilities, Weirdness & Mutations

You have a pair of horns on your head.
You reflexively headbutt those who attack you in melee.


Message History

Your troll tears one of the 11-headed hydra's heads off!
The ten-headed hydra grows two more!
The 12-headed hydra closely misses your troll.
The 12-headed hydra bites your troll! x2; The 12-headed hydra bites your troll. x2
The 12-headed hydra misses your troll. The 12-headed hydra bites your troll.
The 12-headed hydra bites your troll! x3
Your troll dies!
Your troll's corpse disappears in a puff of smoke!
You block the 12-headed hydra's attack. x2
Unknown command.
Aiming: Iceblast
Press: ? - help, Shift-Dir - straight line The mass of ice explodes!
The iceblast engulfs the 12-headed hydra!
The 12-headed hydra is severely wounded.
You hear a howl! x4
You block the 12-headed hydra's attack. x4; The 12-headed hydra bites you!
The 12-headed hydra barely misses you.
The 12-headed hydra bites you but does no damage.
The 12-headed hydra bites you!
* * * LOW HITPOINT WARNING * * *
The 12-headed hydra bites you but does no damage.
The 12-headed hydra bites you!
* * * LOW HITPOINT WARNING * * *
The 12-headed hydra bites you but does no damage. x2
Unknown command.
Unknown command.
Aiming: Iceblast
Press: ? - help, Shift-Dir - straight line The mass of ice explodes!
The iceblast engulfs the 12-headed hydra!
The 12-headed hydra is almost dead.
You hear a howl! x2
A wolf comes into view.
The 12-headed hydra bites you!
* * * LOW HITPOINT WARNING * * *
You block the 12-headed hydra's attack. x2
The 12-headed hydra bites you but does no damage.
The 12-headed hydra bites you!
You die...

#...........).#
#...#+#.#)#.#.#
#..#........#.#
#..#........#.. #
#..#..........#P
#.#...........#....
##............#.##..
#....#.#..#..P...
.P.
###..@..........#.
#...D............
#.....S.........
#...............
#P............
##.........h..
#..###..#.P# #..
.#.##


You could see a 12-headed hydra, a water moccasin and a wolf.

Vanquished Creatures
  Fannar (Lair:2)
  A centaur warrior (D:9)
  A black mamba (Lair:1)
  Maggie (D:6)
  2 rime drakes (Lair:1)
  A komodo dragon (D:9)
  Grinder (D:6)
  Sigmund (D:5)
  A shadow (D:9)
  A basilisk (Lair:2)
  A wraith (D:9)
  36 yaks
  2 steam dragons (D:6)
  4 acid dragons
  7 water moccasins
  2 sky beasts
  2 ice beasts
  3 orc warriors
  2 ogres
  2 black bears
  11 wolves (Lair:1)
  A centaur (D:9)
  2 phantoms
  9 bullfrogs
  A gnoll sergeant (D:9)
  2 wyvern zombies
  A water moccasin zombie (D:6)
  2 scorpions
  4 wights (D:9)
  A howler monkey (D:7)
  3 bullfrog zombies
  4 centaur zombies
  3 jellies
  9 orc priests
  A bullfrog skeleton (D:6)
  3 gnoll shamans
  2 hounds
  Crazy Yiuf (D:4)
  Natasha (thrice) (D:4)
  7 hell rats (Lair:1)
  An iguana (D:6)
  9 orc wizards
  A hound zombie (D:5)
  33 gnolls
  7 adders
  8 river rats (Lair:1)
  An ufetubus (D:5)
  An adder skeleton (D:4)
  3 worms
  A dart slug (D:4)
  42 orcs
  3 endoplasms
  A giant cockroach (D:4)
  9 goblins
  6 hobgoblins
  5 kobolds
  5 quokkas
  6 ball pythons
  4 bats
  A frilled lizard (D:1)
  7 rats
296 creatures vanquished.

Vanquished Creatures (collateral kills)
  A komodo dragon (Lair:3)
1 creature vanquished.

Vanquished Creatures (others)
  58 fungi
  59 plants
117 creatures vanquished.

Grand Total: 414 creatures vanquished

Notes
Turn   | Place    | Note
-------+----------+-------------------------------------------
     0 | D:1      | browni3141 the Minotaur Berserker began the quest for the
                  | Orb.
     0 | D:1      | Reached XP level 1. HP: 19/19 MP: 0/0
    84 | D:1      | Found a faded altar of an unknown god.
   107 | D:1      | Found Eraah's Weapon Emporium.
   447 | D:1      | Reached XP level 2. HP: 27/27 MP: 1/1
   857 | D:2      | Reached XP level 3. HP: 33/33 MP: 2/2
  1774 | D:3      | Reached ** piety under Trog
  2321 | D:4      | Noticed Natasha
  2324 | D:4      | Reached XP level 4. HP: 40/40 MP: 3/3
  2325 | D:4      | Reached skill level 1 in Shields
  2330 | D:4      | Killed Natasha
  2331 | D:4      | Reached skill level 2 in Shields
  2688 | D:4      | Reached skill level 3 in Shields
  2759 | D:4      | Found an opulent altar of Gozag.
  2821 | D:4      | Noticed Natasha
  2826 | D:4      | Reached XP level 5. HP: 46/46 MP: 4/4
  2831 | D:4      | Reached skill level 4 in Shields
  2837 | D:4      | Killed Natasha
  2838 | D:4      | Reached skill level 5 in Shields
  2844 | D:4      | Reached XP level 6. HP: 15/52 MP: 5/5
  2853 | D:4      | Noticed Natasha
  2877 | D:4      | Killed Natasha
  3104 | D:4      | Found a shadowy altar of Dithmenos.
  3127 | D:4      | Reached skill level 6 in Shields
  3448 | D:4      | Found an iron altar of Okawaru.
  3668 | D:4      | Found a runed translucent door.
  3669 | D:4      | Noticed Crazy Yiuf
  3723 | D:4      | Found Geaxei Giewk's Antique Weapon Boutique.
  3753 | D:4      | HP: 2/52 [gnoll (6)]
  3779 | D:4      | Reached skill level 7 in Shields
  4308 | D:4      | Reached XP level 7. HP: 51/59 MP: 6/6
  4583 | D:4      | Killed Crazy Yiuf
  4681 | D:5      | Entered Level 5 of the Dungeon
  4804 | D:5      | Noticed Sigmund
  4812 | D:5      | Killed Sigmund
  4813 | D:5      | Reached skill level 8 in Shields
  4833 | D:5      | Reached skill level 9 in Shields
  4839 | D:5      | Reached *** piety under Trog
  4883 | D:5      | Identified the +1 leather armour of Defiance {Harm *Corrode
                  | Int+8 SInv}
  4907 | D:5      | Reached skill level 10 in Shields
  4907 | D:5      | Reached XP level 8. HP: 16/66 MP: 7/7
  5372 | D:5      | Found a staircase to the Ecumenical Temple.
  6237 | D:6      | Reached skill level 5 in Fighting
  6237 | D:6      | Reached skill level 5 in Axes
  6543 | D:6      | Noticed Maggie
  6557 | D:6      | Killed Maggie
  6751 | D:6      | Noticed Grinder
  6760 | D:6      | Reached skill level 11 in Shields
  6761 | D:6      | Reached skill level 5 in Armour
  6778 | D:6      | Paralysed by Grinder for 3 turns
  6780 | D:6      | Killed Grinder
  6781 | D:6      | Reached XP level 9. HP: 37/75 MP: 8/8
  7751 | D:7      | Identified the +9 battleaxe of Fomonifo {drain, Stlth+}
  8073 | D:7      | Found a bloodstained altar of Trog.
  8165 | D:7      | Reached **** piety under Trog
  8459 | D:7      | Reached skill level 5 in Dodging
  8459 | D:7      | Reached XP level 10. HP: 86/86 MP: 9/9
  8463 | D:7      | Reached skill level 12 in Shields
  8790 | D:8      | Found a shimmering blue altar of Sif Muna.
  9086 | D:8      | Found a basalt altar of Yredelemnul.
  9209 | D:8      | Found a flagged portal.
  9218 | Bailey   | Entered a bailey
 10467 | D:9      | Found a staircase to the Lair.
 10484 | D:9      | Reached ***** piety under Trog
 10503 | D:9      | HP: 4/91 [poisoned by a gnoll]
 10869 | D:9      | Received a gift from Trog
 10974 | D:9      | Reached XP level 11. HP: 85/97 MP: 10/10
 10974 | D:9      | Acquired the amulet "Coqyof" {Reflect Str+2 SH+5}
 11306 | D:9      | Found a white marble altar of Elyvilon.
 11366 | D:9      | Noticed a centaur warrior
 11374 | D:9      | Killed a centaur warrior
 11375 | D:9      | Reached skill level 13 in Shields
 11808 | Lair:1   | Entered Level 1 of the Lair of Beasts
 11887 | Lair:1   | Reached skill level 10 in Axes
 12097 | Lair:1   | Reached skill level 10 in Fighting
 12201 | Lair:1   | Reached skill level 10 in Armour
 13189 | Lair:2   | Noticed Fannar
 13202 | Lair:2   | Killed Fannar
 13219 | Lair:2   | Noticed a seven-headed hydra
 13235 | Lair:3   | Reached skill level 14 in Shields
 13235 | Lair:3   | Reached XP level 12. HP: 29/108 MP: 11/11
 13521 | Lair:2   | Slain by a 12-headed hydra

Illustrated notes

Levels and vault maps discovered:
D:1:      giann_bridges, layout_basic, serial_shops, nicolae_diamond_shop,
          chequers_ecumenical_altar_simple_redux
D:2:      layout_loops_cross
D:3:      layout_basic, nicolae_elevator_lobby_plus
D:4:      layout_cave_pools, mainiacjoe_overflow_small_starburst,
          general_overflow_altar, okawaru_gym_becter, serial_shops,
          nicolae_inconvenience_store, wad_orctagon, uniq_natasha,
          uniq_crazy_yiuf_cottage
D:5:      layout_layer_cave, minmay_temple_entry_overgrown, uniq_sigmund
D:6:      kennysheep_steamy, layout_loops_ring, hangedman_decor_clover_reticule,
          grunt_potential, uniq_grinder, uniq_maggie
D:7:      layout_loops_ring, trog_book
D:8:      layout_gridville, nicolae_sif_muna_little_library,
          nicolae_overflow_crystal_walls, enter_bailey_2, palyth_stone_intersect
D:9:      layout_gridville, elyvilon_altar_1, due_lair_maze_entry_diamond
Lair:1:   layout_concentric_octagons, portal_ice_cave_rime,
          kennysheep_abandoned_house
Lair:2:   layout_regular_city, nzn_ghost_randoct, beast_lair_carwin_7,
          serial_bayou_shore_a, grunt_megastairs_4, uniq_fannar
Lair:3:   layout_long_grid, minmay_shoals_entry_beasts

Skill      XL: |  1  2  3  4  5  6  7  8  9 10 11 |
---------------+----------------------------------+-----
Fighting       | 4 5 7 9 10 | 10.6
Axes           | 4 5 7 9 10 | 10.7
Armour         | 3 5 7 8 10 | 10.3
Dodging        | 3 4 5 6 7 |  7.0
Shields        | 3 5 7 10 11 12 14 | 14.0

Action                   |  1- 3 |  4- 6 |  7- 9 | 10-12 || total
-------------------------+-------+-------+-------+-------++-------
Melee: Hand axe          |    68 |     8 |       |       ||    76
       Headbutt          |    11 |    12 |    43 |    53 ||   119
       Punch             |     2 |       |       |       ||     2
       War axe           |       |    79 |   234 |   157 ||   470
       Broad axe         |       |       |       |   135 ||   135
Throw: Dart              |       |       |       |     3 ||     3
Invok: Berserk           |     1 |     3 |     9 |     7 ||    20
       Trog's Hand       |       |       |     1 |       ||     1
       Brothers in Arms  |       |       |       |     2 ||     2
Evoke: Wand              |       |     2 |     5 |     2 ||     9
  Use: Scroll            |       |       |       |    24 ||    24
Armor: Animal skin       |    20 |    13 |       |       ||    33
       Chain mail        |       |       |   134 |    28 ||   162
       Plate armour      |       |       |       |   130 ||   130
Dodge: Dodged            |    48 |    48 |    81 |    81 ||   258
Block: Tower shield      |       |       |   182 |   428 ||   610
       Reflection        |       |       |       |     4 ||     4
